 Dungeon Crawl Stone Soup version 0.21.1-1-g345015fe64 (webtiles) character file.

50 Gunterle the Skirmisher (level 4, 0/36 HPs)
             Began as a Formicid Abyssal Knight on July 11, 2018.
             Was a Follower of Lugonu.
             Succumbed to an adder's poison
             ... on level 2 of the Dungeon.
             The game lasted 00:13:14 (1835 turns).

Gunterle the Skirmisher (Formicid Abyssal Knight)   Turns: 1835, Time: 00:13:15

Health: 0/36       AC:  3    Str: 17    XL:     4   Next: 4%
Magic:  5/6        EV: 11    Int: 12    God:    Lugonu [*.....]
Gold:   146        SH:  0    Dex: 10    Spells: 3/3 levels left

rFire    . . .     SeeInvis +   a - +1 hand axe
rCold    . . .     Gourm    .   (no shield)
rNeg     . . .     Faith    .   b - +0 leather armour
rPois    .         Spirit   .   (helmet unavailable)
rElec    .         Reflect  .   (no cloak)
rCorr    .         Harm     .   (no gloves)
MR       .....                  (no boots)
Stlth    +.........             (no amulet)
HPRegen  0.12/turn              (no ring)
MPRegen  0.10/turn              (no ring)

@: lethally poisoned (0 -> -3)
A: permanent stasis, dig shafts and tunnels, four strong arms, antennae 3
a: Dig, Shaft Self, Depart the Abyss, Renounce Religion


You were on level 2 of the Dungeon.
You worshipped Lugonu.
Lugonu was aware of your devotion.
You were not hungry.

You visited 1 branch of the dungeon, and saw 2 of its levels.
You visited the Abyss 1 time.

You collected 146 gold pieces.

Inventory:

Hand Weapons
 a - a +1 hand axe (weapon)
 d - a +0 hunting sling
Missiles
 i - 71 arrows
 j - 61 bolts
 o - 4 needles of frenzy
Armour
 b - a +0 leather armour (worn)
 h - a +0 chain mail
Scrolls
 e - 2 scrolls of remove curse
 k - a scroll of enchant weapon {unknown}
 m - 3 scrolls of fog
 n - a scroll of identify
Miscellaneous
 g - a lamp of fire (inert)
Comestibles
 c - 5 rations
 l - a chunk of flesh


   Skills:
 + Level 3.6 Fighting
 * Level 2.8 Axes
 + Level 2.7 Armour
 - Level 0.8 Dodging
 + Level 2.6 Invocations
 + Level 1.2 Evocations


You had 3 spell levels left.
You didn't know any spells.

Dungeon Overview and Level Annotations

Branches:
Dungeon (2/15)

Altars:


Innate Abilities, Weirdness & Mutations

You cannot be hasted, slowed, berserked, paralysed or teleported.
You can dig through walls and to a lower floor.
Your four strong arms can wield two-handed weapons with a shield.
You have a pair of large antennae on your head. (SInv)


Message History

You feel clever.
* * * LOW HITPOINT WARNING * * *
You feel sick.
There is a lethal amount of poison in your body!
Quiver which item? (- for none, * to show all) (? for menu, Esc to quit)
Okay, then.
You feel very mighty all of a sudden.
* * * LOW HITPOINT WARNING * * *
You feel sick.
It was a potion of cancellation.
Your magical effects are unravelling.
You feel magically purged.
You feel a little less mighty now.
* * * LOW HITPOINT WARNING * * *
You feel sick.
* * * LOW HITPOINT WARNING * * *
You feel sick.
* * * LOW HITPOINT WARNING * * *
You feel sick.
You die...

### ### #.. ..# ###.###.# #
.....#.# ## # ####.#.#.##
#...###
##.#########......(..###......
#.....<......................#
#..########.#.................
#..@###.##.###.##### ##.##
#.#...#§..#### #.
#...#......... #.
###.§§....#### #. ####§#.## #.
#§#.# #. #.#.# #. #.#.# #.#.#


There were no monsters in sight!

Vanquished Creatures
  An adder (D:2)
  An ooze (D:2)
  A giant cockroach (D:2)
  6 goblins
  6 hobgoblins (D:1)
  4 jackals (D:1)
  5 kobolds
  3 bats
  4 frilled lizards
  4 rats (D:1)
35 creatures vanquished.

Notes
Turn   | Place    | Note
-------+----------+-------------------------------------------
     0 | Abyss:1  | Gunterle the Formicid Abyssal Knight began the quest for the Orb.
     0 | Abyss:1  | Reached XP level 1. HP: 18/18 MP: 2/2
    42 | Abyss:2  | Noticed an iron imp
    48 | Abyss:2  | Noticed a ynoxinul
    49 | Abyss:2  | Noticed an apocalypse crab
    51 | Abyss:2  | Noticed a rakshasa
    59 | Abyss:2  | Noticed a glowing orange brain
   106 | Abyss:3  | Noticed a rakshasa
   106 | Abyss:3  | Noticed a smoke demon
   106 | D:1      | Escaped the Abyss
   158 | D:1      | Reached * piety under Lugonu
   320 | D:1      | Reached XP level 2. HP: 22/24 MP: 3/3
   699 | D:1      | Reached XP level 3. HP: 20/29 MP: 4/4
  1127 | D:1      | Reached skill level 1 in Evocations
  1825 | D:2      | Reached XP level 4. HP: 5/36 MP: 4/6
  1832 | D:2      | HP: 1/36 [poisoned by an adder]
  1835 | D:2      | Succumbed to an adder's poison

Skill      XL: |  1  2  3 |
---------------+----------+-----
Evocations     | 1 |  1.2
Fighting       | |  3.6
Axes           | |  2.8
Armour         | |  2.7
Dodging        | |  0.8
Invocations    | |  2.6

Action                   |  1- 3 |  4- 6 || total
-------------------------+-------+-------++-------
Melee: Hand axe          |   128 |       ||   128
Throw: Stone             |     8 |       ||     8
Invok: Depart the Abyss  |     1 |       ||     1
Evoke: Lamp of fire      |     1 |       ||     1
  Use: Scroll            |     3 |       ||     3
       Potion            |       |     2 ||     2
  Eat: Chunk             |     3 |       ||     3
Armor: Leather armour    |    35 |       ||    35
Dodge: Dodged            |    77 |       ||    77
